 Dungeon Crawl Stone Soup version 0.26-a0-597-gb535b0901c (webtiles) character file.

Game seed: 1854678619076050610

71 Alarkh the Skirmisher (level 4, 25/35 HPs)
             Began as a Demonspawn Fighter on Sept 6, 2020.
             Got out of the dungeon alive.
             The game lasted 00:01:07 (1191 turns).

Alarkh the Skirmisher (Demonspawn Fighter)          Turns: 1191, Time: 00:01:07

Health: 25/35      AC:  6    Str: 16    XL:     4   Next: 5%
Magic:  4/4        EV:  6    Int: 11    God:
Gold:   64         SH:  9    Dex: 12    Spells: 3/3 levels left

rFire    . . .     SeeInvis .     - Unarmed
rCold    . . .     Faith    .   b - +0 kite shield
rNeg     . . .     Spirit   +   a - +0 scale mail
rPois    .         Reflect  .   (helmet restricted)
rElec    .         Harm     .   (no cloak)
rCorr    .                      (no gloves)
MR       .....                  (no boots)
Stlth    ..........             (no amulet)
HPRegen  0.11/turn              (no ring)
MPRegen  0.09/turn              (no ring)

@: no status effects
A: horns 1, spiny 1, magic shield
a: no special abilities


You escaped.
You visited 1 branch of the dungeon, and saw 2 of its levels.

You collected 64 gold pieces.

Inventory:

Armour
 a - a +0 scale mail (worn)
 b - a +0 kite shield (worn)
Magical Staves
 m - an uncursed staff of fire {unknown}
Scrolls
 f - a scroll of enchant armour {unknown}
 g - a scroll of noise {unknown}
 j - 2 scrolls of identify {unknown}
 k - a scroll of immolation {unknown}
Potions
 c - 3 potions of might
 d - 3 potions of heal wounds {unknown}
 e - a potion of lignification {unknown}
 h - 2 potions of brilliance {unknown}
 i - a potion of flight {unknown}
 l - a potion of stabbing {unknown}


   Skills:
 + Level 3.5 Fighting
 - Level 2.6 Armour
 + Level 3.2 Shields
 * Level 3.1 Unarmed Combat


You had 3 spell levels left.
You didn't know any spells.
Your spell library was empty.

Dungeon Overview and Level Annotations

Branches:
Dungeon (2/15)

Altars:
Ashenzari


Innate Abilities, Weirdness & Mutations

You have a pair of small horns on your head.
You are partially covered in sharp spines.
When hurt, damage is shared between your health and your magic reserves.


Message History

Natasha casts a spell at you.
You feel yourself slow down.
You hit Natasha but do no damage. Your headbutt misses Natasha.
Natasha is severely wounded.
Natasha claws you. Natasha is struck by your spines.
Natasha claws you but does no damage.
You hit Natasha.
You kill Natasha!
Natasha yowls pathetically as she dies!
Your Unarmed Combat skill increases to level 3!
You have reached level 4!
You feel clever.
Your demonic ancestry asserts itself...
You feel your magical essence form a protective shroud around your flesh.
There is a stone staircase leading up here.
You climb upwards.
There is a stone staircase leading down here.
You feel yourself speed up.
There is a staircase leading out of the dungeon here.
Are you sure you want to leave the Dungeon?
This will make you lose the game!
You have escaped!

#..# #..###.........#.##.##...#
...# #..##.....#......##.###..#
.#.####..#.....###.....##.# #..#
..(...#.......#####...[.#.###..#
.............#.....#...........#
......#.....###...###[.........#
...........#####.#####.....#####
..........#...........#.....##
...).....###....@....###.....#
..†.....#####.......#####....####
####...#.....#.....#.....#.......
####..###...###...###...###......
.....#####.#####.#####.#####.....
####.........................>...
####.########.##.##########......
...#.# #....# #.##.##
...#.########.#### #......


There were no monsters in sight!

Vanquished Creatures
  Natasha (D:2)
  An ooze (D:1)
  A worm (D:2)
  2 dart slugs
  A leopard gecko (D:2)
  3 goblins
  4 hobgoblins
  4 jackals (D:1)
  7 kobolds
  2 ball pythons (D:1)
  4 bats (D:1)
  5 rats
35 creatures vanquished.

Notes
Turn   | Place    | Note
-------+----------+-------------------------------------------
     0 | D:1      | Alarkh the Demonspawn Fighter began the quest for the Orb.
     0 | D:1      | Reached XP level 1. HP: 18/18 MP: 1/1
   243 | D:1      | Gained mutation: You are partially covered in sharp spines.
                  | [demonic ancestry]
   243 | D:1      | Reached XP level 2. HP: 10/24 MP: 2/2
   644 | D:1      | Gained mutation: You have a pair of small horns on your
                  | head. [demonic ancestry]
   644 | D:1      | Reached XP level 3. HP: 29/29 MP: 3/3
  1026 | D:2      | Found a shattered altar of Ashenzari.
  1130 | D:2      | Noticed Natasha
  1145 | D:2      | Killed Natasha
  1145 | D:2      | Gained mutation: When hurt, damage is shared between your
                  | health and your magic reserves. [demonic ancestry]
  1145 | D:2      | Reached XP level 4. HP: 19/35 MP: 4/4
  1191 | D:$      | Got out of the dungeon alive.

Illustrated notes

Levels and vault maps discovered:
D:1:      onia_arrival_pyramid, layout_loops_ring
D:2:      layout_rooms, evilmike_ruin_ashenzari,
          nicolae_qazlal_eye_of_the_storm, grunt_gozag_statues,
          kennysheep_generic_room_5, uniq_crazy_yiuf_cottage, uniq_natasha

Skill      XL: |  1  2  3 |
---------------+----------+-----
Unarmed Combat | 2 3 |  3.1
Shields        | 3 |  3.2
Fighting       | |  3.5
Armour         | |  2.6

Action                   |  1- 3 |  4- 6 || total
-------------------------+-------+-------++-------
Melee: Unarmed           |   153 |       ||   153
       Headbutt          |     5 |       ||     5
Armor: Scale mail        |    72 |       ||    72
Dodge: Dodged            |    34 |       ||    34
Block: Kite shield       |    70 |       ||    70

Table legend: (Time is in decaauts)
 A = Elapsed time spent in this place.
 B = Non-inter-level travel time spent in this place.
 C = Inter-level travel time spent in this place.
 D = Time resting spent in this place.
 E = Time spent auto-exploring this place.
 F = Levels seen in this place.
 G = Mean time per level.
                   A        B        C        D        E       F      G
               +--------+--------+--------+--------+--------+-----+--------+
         Total |   1206 |   1117 |     89 |    266 |    583 |   2 |  603.0 |
       Dungeon |   1206 |   1117 |     89 |    266 |    583 |   2 |  603.0 |
               +--------+--------+--------+--------+--------+-----+--------+

Top non-repeatable levels by time:
     D:1: 876 daAuts
     D:2: 329 daAuts
